 Dungeon Crawl Stone Soup version 0.30.0 (webtiles) character file.

Game seed: 10007582127565134145

26 Minorbread the Slasher (level 3, 27/31 HPs)
             Began as a Hill Orc Fighter on May 24, 2023.
             Quit the game on level 1 of the Dungeon.
             The game lasted 00:00:52 (461 turns).

Minorbread the Slasher (Hill Orc Fighter)            Turns: 461, Time: 00:00:53

Health: 27/31      AC:  6    Str: 20    XL:     3   Next: 8%
Magic:  3/3        EV:  9    Int:  8    God:
Gold:   52         SH:  0    Dex: 10    Spells: 2/2 levels left

rFire   . . .        a - +0 long sword
rCold   . . .        (no shield)
rNeg    . . .        b - +0 scale mail
rPois   .            (no helmet)
rElec   .            (no cloak)
rCorr   .            (no gloves)
SInv    .            (no boots)
Will    .....        (no amulet) Stlth
                     (no ring)
HPRegen 0.25/turn    (no ring)
MPRegen 0.08/turn

%: no passive effects
@: no status effects
A: no striking features
a: no special abilities


You were on level 1 of the Dungeon.
You visited 1 branch of the dungeon, and saw 1 of its levels.

You collected 52 gold pieces.

Inventory:

Hand Weapons
 a - a +0 long sword (weapon)
Armour
 b - a +0 scale mail (worn)
 c - a +0 buckler
Jewellery
 i - a +5 ring of evasion
Scrolls
 e - a scroll of teleportation {unknown}
 f - a scroll of immolation {unknown}
 g - 2 scrolls of identify {unknown}
Potions
 d - 2 potions of might
 h - a potion of ambrosia {unknown}
 j - a potion of lignification {unknown}


   Skills:
 - Level 3.6 Fighting
 + Level 3.8 Long Blades
 - Level 3.2 Armour
 - Level 3.2 Shields


You had 2 spell levels left.
You didn't know any spells.
Your spell library was empty.

Dungeon Overview and Level Annotations

Branches:
Dungeon (1/15)

Altars:


Message History

A ball python is nearby!
You slash the ball python!
You kill the ball python!
No target in view!
No target in view!
j - a sedimented yellow potion You see here a +0 robe.
A dart slug comes into view.
The dart slug launches a dart at you. The slug dart hits you.
A hobgoblin comes into view.
The hobgoblin shouts!
The dart slug launches a dart at you.
The slug dart hits you but does no damage.
A goblin comes into view. It is wielding a +0 club.
The goblin shouts!
You slash the hobgoblin!
You kill the hobgoblin!
A rat comes into view.
The dart slug launches a dart at you.
The slug dart hits you but does no damage.
You hit the dart slug.
The dart slug is moderately wounded.
The dart slug bites you but does no damage.
You slash the dart slug!
You kill the dart slug!
The rat closely misses you.
You have reached level 3!
Your experience leads to an increase in your attributes!
Increase (S)trength, (I)ntelligence, or (D)exterity?
You feel stronger. x2
You hit the rat but do no damage.
The rat bites you but does no damage. x2
The goblin hits you but does no damage.
Saving game... please wait.
Welcome back, Minorbread the Hill Orc Fighter.
Press ? for a list of commands and other information.
You hit the rat.
You kill the rat!
The goblin hits you with a +0 club.
Are you sure you want to abandon this character and quit the game? (Confirm with "yes".)

#.#..#..##.#
#.#..#..# #
#...†...#
####.......#
..##.......#####
#.##............
#.##$.......####
#####.##........#
#...†@g..[[.....#
#.#####.........#
#.#######.# ....
... #.##g#. ....
. #.### ## ..#
###


You could see a goblin.

Vanquished Creatures
  A dart slug (D:1)
  A ball python (D:1)
  4 bats (D:1)
  2 giant cockroaches (D:1)
  5 hobgoblins (D:1)
  3 kobolds (D:1)
  A quokka (D:1)
  A frilled lizard (D:1)
  3 rats (D:1)
21 creatures vanquished.

Notes
Turn   | Place    | Note
-------+----------+-------------------------------------------
     0 | D:1      | Minorbread the Hill Orc Fighter began the quest for the
                  | Orb.
     0 | D:1      | Reached XP level 1. HP: 19/19 MP: 1/1
   104 | D:1      | Found a faded altar of an unknown god.
   120 | D:1      | Reached XP level 2. HP: 26/26 MP: 2/2
   459 | D:1      | Reached XP level 3. HP: 27/31 MP: 3/3
   461 | D:1      | Quit the game

Illustrated notes

Levels and vault maps discovered:
D:1:      scummos_arrival_simple_fountains, layout_loops_cross,
          ebering_ecumenical_altar_rust

Skill      XL: |  1 |
---------------+----+-----
Long Blades    | 3 |  3.8
Fighting       | |  3.6
Armour         | |  3.2
Shields        | |  3.2

Action                     || total
---------------------------++-------
  Melee: Long sword        ||    71
 Armour: Scale mail        ||    57
  Dodge: Dodged            ||    45
  Block: Buckler           ||    11
